 Dungeon Crawl Stone Soup version 0.30-a0-297-g0ec75d9ef4 (webtiles) character file.

Game seed: 9378281186506152679

3612 Iusername the Fighter (level 9, -17/72 (82) HPs)
             Began as a Black Draconian Fighter on Oct 18, 2022.
             Was an Elder of Wu Jian.
             Demolished by an orc knight
             ... wielding a +0 halberd
              (23 damage)
             ... in a bailey.
             The game lasted 00:10:48 (7879 turns).

Iusername the Fighter (Black Draconian Fighter)     Turns: 7879, Time: 00:10:49

HP:   -17/72 (82)   AC:  7    Str: 24    XL:     9   Next: 86%
MP:   9/9           EV: 18    Int:  8    God:    Wu Jian [****..]
Gold: 420           SH:  0    Dex: 10    Spells: 8/8 levels left

rFire   . . .      SeeInvis .    a - +1 war axe (spect)
rCold   . . .      Faith    .    (no shield)
rNeg    + . .      Spirit   .    (body armour unavailable)
rPois   .          Reflect  .    (helmet restricted)
rElec   +          Harm     .    p - scarf {+Inv}
rCorr   .          Rampage  .    (no gloves)
Will    .....                    (no boots)
Stlth   +.........               m - amulet of the acrobat
HPRegen 0.32/turn                v - +4 ring of evasion
MPRegen 0.11/turn                n - ring of positive energy

@: heavily drained, serpent's lash
A: breathe lightning, AC +7, unfitting armour, electricity resistance,
cold-blooded
a: Breathe Lightning, Renounce Religion, Evoke Invisibility, Wall Jump,
Serpent's Lash


You were in a bailey.
You worshipped Wu Jian.
Wu Jian was greatly pleased with you.
You visited 1 branch of the dungeon, and saw 8 of its levels.
You also visited: Bailey.

You collected 504 gold pieces.
You spent 84 gold pieces at shops.

Inventory:

Hand Weapons
 a - a +1 spectral war axe (weapon)
Missiles
 t - 11 boomerangs (quivered)
Armour
 b - a +0 buckler
 p - a scarf of invisibility (worn)
Jewellery
 d - a ring of see invisible
 m - an amulet of the acrobat (around neck)
 n - a ring of positive energy (right hand)
 v - a +4 ring of evasion (left hand)
Wands
 x - a wand of acid (3)
Scrolls
 f - a scroll of fog
 h - 2 scrolls of silence
 k - 2 scrolls of teleportation
 l - a scroll of poison {unknown}
 r - 2 scrolls of vulnerability {unknown}
 u - a scroll of amnesia {unknown}
 w - a scroll of enchant armour {unknown}
Potions
 c - 4 potions of might
 i - a potion of attraction {unknown}
 j - a potion of degeneration
 o - 3 potions of magic
 q - 2 potions of resistance
 s - a potion of lignification {unknown}
 z - a potion of haste {unknown}
 A - a potion of invisibility {unknown}


   Skills:
 + Level 8.4 Fighting
 + Level 7.4 Axes
 + Level 7.0 Dodging
 + Level 7.7 Shields


You had 8 spell levels left.
You didn't know any spells.
Your spell library contained the following spells:

 Spells                   Type           Power      Damage    Failure   Level
 Magic Dart               Conj           0%         1d3       41%         1
 Slow                     Hex            0%         N/A       41%         1
 Summon Small Mammal      Summ           0%         N/A       41%         1
 Searing Ray              Conj           0%         2d4       54%         2
 Call Canine Familiar     Summ           0%         N/A       78%         3
 Confusing Touch          Hex            0%         N/A       78%         3
 Portal Projectile        Hex/Tloc       0%         N/A       78%         3
 Summon Guardian Golem    Hex/Summ       0%         N/A       78%         3
 Vampiric Draining        Necr           0%         2d6       78%         3
 Vhi's Electric Charge    Tloc/Air       0%         N/A       78%         3
 Fulminant Prism          Conj/Hex       0%         3d6       99%         4
 Leda's Liquefaction      Hex/Erth       0%         N/A       99%         4
 Arcjolt                  Conj/Air       0%         1d10      100%        5
 Maxwell's Capacitive Co  Air            0%         ∞         100%        8


Dungeon Overview and Level Annotations

Branches:
Dungeon (8/15)             Temple (0/1) D:4          Bailey (1/1)
   Lair: D:8-11

Altars:
Ashenzari
Gozag
Makhleb
Okawaru
Sif Muna
Vehumet
Wu Jian
Zin

Shops:
D:3 ?

Annotations:
D:7 3 runed translucent doors, themarg's ghost, novice GnCK


Innate Abilities, Weirdness & Mutations

You can breathe wild blasts of lightning.
Your glossy black scales are hard. (AC +7)
You cannot fit into any form of body armour.
You are resistant to electric shocks. (rElec)
You are cold-blooded and may be slowed by cold attacks.


Message History

The gnoll barely misses you.
You feel much better.
The orc knight hits you with a +0 halberd.
The gnoll hits you from afar with a +0 halberd of draining!
You partially resist.
You feel drained.
The gnoll drinks a potion.
The gnoll suddenly seems more resistant.
You closely miss the orc knight.
The orc knight roars a battlecry!
The orc goes into a battle-frenzy!
The gnoll barely misses you.
You slash the orc knight!
The orc knight is moderately wounded.
The orc knight hits you with a +0 halberd!
The gnoll completely misses you.
You slash the orc knight!
The orc knight is heavily wounded.
The orc knight hits you with a +0 halberd!!
* * * LOW HITPOINT WARNING * * *
The gnoll barely misses you.
You feel much better.
The orc knight hits you with a +0 halberd.
* * * LOW HITPOINT WARNING * * *
The gnoll misses you.
You feel better.
The orc knight hits you with a +0 halberd!
* * * LOW HITPOINT WARNING * * *
The gnoll misses you.
You barely miss the orc knight.
The orc knight is heavily wounded.
The orc knight hits you with a +0 halberd!
* * * LOW HITPOINT WARNING * * *
The gnoll closely misses you.
Okay, then.
You hit the orc knight.
Your tail-slap misses the orc knight.
The orc knight is heavily wounded.
The orc no longer looks unusually strong.
The gnoll completely misses you. The orc knight closely misses you.
The gnoll misses you.
The orc knight hits you with a +0 halberd!!
You die...

#g#.###)###)#
'##'
+###'##'##'##
#!.!
##..)..##
#.!.!
###.....###
'!.⌠.
#.'..⌠..'.#
!.oo
###.....###


gg# ##...))## #o###'##'##'## #@))###.###.# ##### ### ### You could see an orc
knight, 2 gnolls and 2 orcs.

Vanquished Creatures
  A two-headed ogre (D:8)
  2 yaks (D:8)
  2 water moccasins
  3 ice beasts
  2 black bears
  2 ogres (D:6)
  2 centaurs
  A kobold brigand (D:6)
  4 bullfrogs
  4 wights (D:7)
  4 killer bees (D:7)
  A howler monkey (D:7)
  3 jellies
  4 hounds
  2 orc priests
  Natasha (thrice) (D:2)
  6 iguanas
  An orc wizard (D:8)
  28 gnolls
  9 adders
  A worm (D:3)
  5 dart slugs
  24 orcs
  11 endoplasms
  6 giant cockroaches
  13 goblins
  6 hobgoblins
  9 jackals
  2 quokkas
  5 ball pythons
  5 bats
  4 frilled lizards
  11 kobolds
  9 rats
195 creatures vanquished.

Notes
Turn   | Place    | Note
-------+----------+-------------------------------------------
     0 | D:1      | Iusername the Draconian Fighter began the quest for the
                  | Orb.
     0 | D:1      | Reached XP level 1. HP: 19/19 MP: 1/1
   130 | D:1      | Reached XP level 2. HP: 20/26 MP: 2/2
   528 | D:1      | Reached XP level 3. HP: 33/33 MP: 3/3
   661 | D:2      | Reached skill level 4 in Fighting
   661 | D:2      | Reached XP level 4. HP: 6/40 MP: 4/4
   880 | D:2      | Identified the +0 ring mail of Bad Feelings {Str+6}
   927 | D:2      | Noticed Natasha
   932 | D:2      | Killed Natasha
   933 | D:2      | Reached XP level 5. HP: 31/46 MP: 5/5
   946 | D:2      | Noticed Natasha
   954 | D:2      | Killed Natasha
  1001 | D:2      | Noticed Natasha
  1015 | D:2      | Killed Natasha
  1342 | D:3      | Found a faded altar of an unknown god.
  1374 | D:3      | Prayed at the altar of an unknown god.
  1374 | D:3      | Became a worshipper of the Wu Jian Council
  1374 | D:3      | Reached * piety under Wu Jian
  1601 | D:3      | Found Wuuguaph's Magic Scroll Emporium.
  1610 | D:3      | Bought a scroll of identify for 24 gold pieces
  1610 | D:3      | Bought a scroll of identify for 24 gold pieces
  1610 | D:3      | Bought a scroll of teleportation for 36 gold pieces
  1751 | D:3      | Found a burning altar of Makhleb.
  1855 | D:3      | Found a broken altar of Ashenzari.
  1856 | D:3      | Found a radiant altar of Vehumet.
  1946 | D:3      | Reached ** piety under Wu Jian
  2085 | D:4      | Found an iron altar of Okawaru.
  2109 | D:4      | Found a staircase to the Ecumenical Temple.
  2114 | D:4      | Reached XP level 6. HP: 53/53 MP: 6/6
  2195 | D:4      | Found a shimmering blue altar of Sif Muna.
  3026 | D:5      | Entered Level 5 of the Dungeon
  3086 | D:5      | Reached skill level 5 in Fighting
  3173 | D:5      | Noticed a water moccasin
  3176 | D:5      | Killed a water moccasin
  3177 | D:5      | Your scales start taking on a glossy black colour.
  3177 | D:5      | Reached XP level 7. HP: 55/61 MP: 7/7
  3177 | D:5      | Gained mutation: You are resistant to electric shocks.
                  | (rElec) [Black Draconian growth]
  3296 | D:5      | Reached skill level 5 in Shields
  4862 | D:6      | Reached skill level 6 in Fighting
  4862 | D:6      | Reached skill level 5 in Axes
  4862 | D:6      | Reached skill level 5 in Dodging
  4862 | D:6      | Reached XP level 8. HP: 32/70 MP: 8/8
  5903 | D:6      | Reached *** piety under Wu Jian
  6109 | D:6      | Found a glowing silver altar of Zin.
  6300 | D:7      | Reached skill level 7 in Fighting
  6435 | D:7      | Found an opulent altar of Gozag.
  6606 | D:7      | Reached XP level 9. HP: 79/79 MP: 9/9
  6702 | D:7      | Found a runed translucent gate.
  6702 | D:7      | Found a runed translucent gate.
  6704 | D:7      | Found a runed translucent gate.
  6713 | D:7      | Noticed a spectral unseen horror
  6715 | D:7      | Noticed themarg's ghost (novice GnCK)
  7205 | D:8      | Noticed a two-headed ogre
  7209 | D:8      | Killed a two-headed ogre
  7210 | D:8      | Reached skill level 8 in Fighting
  7229 | D:8      | Found a flagged portal.
  7242 | D:8      | Reached **** piety under Wu Jian
  7246 | Bailey   | Entered a bailey
  7859 | Bailey   | Noticed an orc knight
  7875 | Bailey   | HP: 1/72 [orc knight/+0 halberd (22)]
  7879 | Bailey   | Demolished by an orc knight

Illustrated notes

Levels and vault maps discovered:
D:1:      lemuel_arrival_tunnels, layout_rooms, st_stairs_13
D:2:      layout_rooms, columned_hall_lemuel,
          wander_ebering_terrifying_dragon_lair, uniq_natasha
D:3:      layout_loops_ring, mainiacjoe_overflow_alcove_2,
          mainiacjoe_overflow_divided_tiny, serial_shops, shop, serial_glass,
          glass_columns_a, glass_columns_a, glass_columns_a, glass_columns_b,
          glass_columns_b, item_on_display_a, item_on_display_a,
          item_on_display_a, feat_on_display,
          dreamdust_ecumenical_altar_statues, minmay_misc_feat_doors
D:4:      layout_basic, okawaru_trees_2, lemuel_doored_altar,
          minmay_temple_entry_drinking_statues, st_stairs_13
D:5:      layout_loops_ring, minmay_puff
D:6:      layout_basic, zin_statuary, kennysheep_generic_room_14
D:7:      layout_rooms, lemuel_round_altar, gammafunk_ghost_necromancy
D:8:      layout_loops_ring, general_overflow_altar, amcnicky_altar_gilded,
          enter_bailey_5, minmay_stone_trees_small, grunt_ministairs_6
Bailey:   bailey_polearm_nasty_gnolls, bailey

Skill      XL: |  1  2  3  4  5  6  7  8  9 |
---------------+----------------------------+-----
Dodging        | 3 4 5 6 7 |  7.0
Fighting       | 4 5 6 7 8 |  8.4
Axes           | 3 4 5 6 7 |  7.4
Shields        | 4 5 6 7 |  7.7

Action                   |  1- 3 |  4- 6 |  7- 9 || total
-------------------------+-------+-------+-------++-------
Melee: War axe           |    81 |   178 |   206 ||   465
       Tailslap          |     8 |    12 |    24 ||    44
       Punch             |       |       |     1 ||     1
Throw: Boomerang         |       |       |     5 ||     5
Invok: Lunge             |       |    15 |    30 ||    45
       Whirlwind         |       |       |     3 ||     3
       Serpent's Lash    |       |       |     1 ||     1
 Abil: Breathe Lightning |       |       |     4 ||     4
       Wall Jump         |       |       |     1 ||     1
  Use: Scroll            |       |     8 |     7 ||    15
       Potion            |       |       |     7 ||     7
 Stab: Sleeping          |     1 |     2 |     4 ||     7
Armor: Skin              |    21 |    51 |    42 ||   114
Dodge: Dodged            |    51 |   117 |   184 ||   352
Block: Buckler           |    22 |    19 |       ||    41

Table legend: (Time is in decaauts)
 A = Elapsed time spent in this place.
 B = Non-inter-level travel time spent in this place.
 C = Inter-level travel time spent in this place.
 D = Time resting spent in this place.
 E = Time spent auto-exploring this place.
 F = Levels seen in this place.
 G = Mean time per level.
                   A        B        C        D        E       F      G
               +--------+--------+--------+--------+--------+-----+--------+
         Total |   8022 |   7836 |    186 |   2237 |   4217 |   9 |  891.3 |
       Dungeon |   7384 |   7198 |    186 |   1909 |   4119 |   8 |  923.0 |
        Bailey |    637 |    637 |      0 |    328 |     98 |   1 |  637.0 |
               +--------+--------+--------+--------+--------+-----+--------+

Top non-repeatable levels by time:
     D:5: 1825 daAuts
     D:6: 1405 daAuts
     D:4: 1029 daAuts
     D:7: 792 daAuts
     D:2: 786 daAuts
     D:3: 686 daAuts
  Bailey: 637 daAuts
     D:1: 619 daAuts
     D:8: 241 daAuts
